 Dungeon Crawl Stone Soup version 0.31-a0-233-g139696dc86 (webtiles) character file.

Game seed: 2473445724204894583

557 qw the Shooter (level 7, -4/43 HPs)
             Began as a Gargoyle Hexslinger on July 7, 2023.
             Slain by a lemure (5 damage)
             ... led by Pikel
             ... on level 4 of the Dungeon.
             The game lasted 00:01:39 (3307 turns).

qw the Shooter (Gargoyle Hexslinger)                Turns: 3307, Time: 00:01:39

Health: -4/43      AC: 11    Str: 12    XL:     7   Next: 30%
Magic:  8/8        EV: 11    Int: 13    God:
Gold:   281        SH:  0    Dex: 14    Spells: 7/8 levels left

rFire   . . .        Y - +1 sling
rCold   . . .        (no shield)
rNeg    + . .        l - +0 ring mail
rPois   inf          (helmet restricted)
rElec   +            (no cloak)
rCorr   .            i - +0 pair of gloves
SInv    .            (no boots)
Will    .....        (no amulet)
Stlth   +            (no ring)
HPRegen 0.27/turn    (no ring)
MPRegen 0.11/turn

%: no passive effects
@: no status effects
A: sickness immunity, AC +4, negative energy resistance 1, electricity
resistance, torment resistance 1, petrification resistance, horns 1, sturdy
frame 1
a: no special abilities


You were on level 4 of the Dungeon.
You visited 1 branch of the dungeon, and saw 4 of its levels.

You collected 281 gold pieces.


Innate Abilities, Weirdness & Mutations

You are immune to sickness and miasma.
Your stone body is resilient. (AC +4)
You are immune to poison.
You resist negative energy. (rN+)
You are resistant to electric shocks. (rElec)
You are resistant to unholy torment.
You are immune to petrification.
You have a pair of small horns on your head.
Your movements are slightly less encumbered by armour. (ER -2)


   Skills:
 - Level 4.0 Fighting
 + Level 6.1 Ranged Weapons
 - Level 3.1 Armour
 - Level 1.5 Dodging
 - Level 1.0 Spellcasting
 - Level 2.6 Hexes


You had 7 spell levels left.
You knew the following spells:

 Your Spells              Type           Power      Damage    Failure   Level
a - Slow                  Hex            28%        N/A       14%         1

Your spell library contained the following spells:

 Spells                   Type           Power      Damage    Failure   Level
 Inner Flame              Hex/Fire       4%         N/A       56%         3
 Portal Projectile        Hex/Tloc       8%         N/A       56%         3
 Cause Fear               Hex            3%         N/A       80%         4

Inventory:

Hand Weapons
 Y - a +1 sling (weapon)
Armour
 i - a +0 pair of gloves (worn)
 j - the +0 cloak "Yroeru" {-Tele Harm rN+}
   (You found it on level 2 of the Dungeon)

   rN:        It protects you from negative energy.
   -Tele:     It prevents most forms of teleportation.
   Harm:      It increases damage dealt and taken.
 l - a +0 ring mail (worn)
Scrolls
 a - a scroll of torment {unknown}
 c - a scroll of vulnerability {unknown}
 h - a scroll of identify
Potions
 b - a potion of haste
 d - a potion of enlightenment
 e - a potion of brilliance {unknown}
 f - 2 potions of curing
 g - a potion of mutation
 k - a potion of degeneration {unknown}

Dungeon Overview and Level Annotations

Branches:
Dungeon (4/15)
 Temple: D:4-7

Altars:
Ashenzari
Dithmenos

Annotations:
D:4 Pikel


Message History

Pikel hits you with a +1 whip of flaming.
Pikel burns you.
You shoot a sling bullet. The sling bullet hits Pikel.
Pikel is moderately wounded.
Pikel hits you with a +1 whip of flaming.
Pikel burns you. The lemure hits you but does no damage.
You shoot a sling bullet.
The sling bullet completely misses Pikel.
The sling bullet hits the lemure.
The lemure is lightly wounded.
Pikel hits you but does no damage. The lemure hits you but does no damage.
You shoot a sling bullet. The sling bullet closely misses Pikel.
The sling bullet barely misses the lemure.
Pikel closely misses you. The lemure barely misses you. The lemure hits you.
Pikel waves his whip at you.
Pikel hits you with a +1 whip of flaming.
Pikel burns you.
You shoot a sling bullet.
The sling bullet hits Pikel but does no damage.
Pikel is moderately wounded.
Pikel hits you but does no damage. The lemure barely misses you.
The lemure hits you.
You shoot a sling bullet. The sling bullet barely misses Pikel.
Pikel closely misses you. The lemure hits you but does no damage.
The lemure hits you. x2
You shoot a sling bullet.
The sling bullet hits Pikel but does no damage.
Pikel is moderately wounded.
Pikel barely misses you.
The lemure hits you. x2; The lemure barely misses you.
You shoot a sling bullet. The sling bullet closely misses Pikel.
Pikel hits you but does no damage. The lemure hits you but does no damage.
The lemure hits you. The lemure hits you but does no damage.
You shoot a sling bullet. The sling bullet hits Pikel.
Pikel is moderately wounded.
Pikel misses you. The lemure hits you. The lemure barely misses you.
The lemure closely misses you.
You shoot a sling bullet. The sling bullet hits Pikel.
Pikel is moderately wounded.
Pikel hits you but does no damage. The lemure hits you.
You die...

#.# #.## #.##.#...# #..#
.#...#.. ##.# ##........
#.# #.......# ####.#
#.#.....# ##.##.#
#.##...#
#../#.#######.#.55####..
................@K...'..
......##.####.#.5.####..
.#.#.###.# #.##.##
.###.###.# ##.#####
.........# #......#
####.#######...##.# #.#
#.>..<#.# #.# ##...##.#
####.# #..###.#


You could see Pikel and 3 lemures.

Vanquished Creatures
  A black bear (D:4)
  A lemure (D:4)
  A phantom (D:4)
  A jelly (D:4)
  A hound (D:4)
  An iguana (D:4)
  A sleepcap (D:4)
  3 orc wizards (D:4)
  4 gnolls (D:4)
  7 adders
  A white imp (D:4)
  2 worms
  A dart slug (D:1)
  12 orcs
  5 endoplasms
  3 giant cockroaches
  6 goblins
  8 hobgoblins
  3 jackals (D:4)
  10 kobolds
  2 quokkas
  4 ball pythons
  4 bats
  5 frilled lizards
  2 rats
89 creatures vanquished.

Notes
Turn   | Place    | Note
-------+----------+-------------------------------------------
     0 | D:1      | qw the Gargoyle Hexslinger began the quest for the Orb.
     0 | D:1      | Reached XP level 1. HP: 12/12 MP: 2/2
     0 | D:1      | 0 ||| qw: Version: 0.3-a-46-gb1f654a
     0 | D:1      | 0 ||| qw: Game counter: 3252
     0 | D:1      | 0 ||| qw: Melee chars always use a shield: true
     0 | D:1      | 0 ||| qw: God list: Okawaru
     0 | D:1      | 0 ||| qw: Allow faded altars: false
     0 | D:1      | 0 ||| qw: Do Orc after clearing Dungeon:15 true
     0 | D:1      | 0 ||| qw: Do second Lair branch before Depths: true
     0 | D:1      | 0 ||| qw: Lair rune preference: random
     0 | D:1      | 0 ||| qw: Goals: Normal
     0 | D:1      | 0 ||| PLANNING D:1-11
   146 | D:1      | Reached XP level 2. HP: 16/16 MP: 3/3
   249 | D:1      | Reached skill level 3 in Ranged Weapons
   466 | D:1      | Reached XP level 3. HP: 21/21 MP: 4/4
   747 | D:1      | 747 ||| UPGRADING to +0 pair of gloves.
   752 | D:1      | 752 ||| DROPPING ring of wizardry.
   753 | D:1      | 753 ||| READING 2 scrolls labelled EJEZ ESCHYTI.
   758 | D:1      | 758 ||| READING scroll labelled HYNEIT CEKKOX.
   759 | D:1      | 759 ||| READING scroll labelled ZIODASADIPH.
   760 | D:1      | 760 ||| READING scroll labelled ZILUD HIRELA.
   761 | D:1      | 761 ||| DRINKING 2 bubbling dark potions.
   761 | D:1      | Gained mutation: You have a pair of small horns on your
                  | head. [potion of mutation]
   761 | D:1      | Gained mutation: Your movements are slightly less
                  | encumbered by armour. (ER -2) [potion of mutation]
   762 | D:1      | 762 ||| DROPPING scroll of poison.
   933 | D:2      | Reached XP level 4. HP: 26/26 MP: 5/5
  1012 | D:2      | Reached skill level 4 in Ranged Weapons
  1158 | D:2      | Identified the +0 cloak "Yroeru" {-Tele Harm rN+}
  1266 | D:2      | 1266 ||| READING scroll labelled JUISUR UCKEO.
  1495 | D:3      | 1495 ||| FLEEEEING.
  1661 | D:3      | Found a shadowy altar of Dithmenos.
  1720 | D:3      | Reached XP level 5. HP: 30/30 MP: 6/6
  1957 | D:3      | 1957 ||| UPGRADING to +0 ring mail.
  1967 | D:3      | 1967 ||| DROPPING +0 robe.
  1968 | D:3      | 1968 ||| READING scroll labelled MEFANNOATT.
  1969 | D:3      | 1969 ||| DRINKING 3 murky amethyst potions.
  1970 | D:3      | 1970 ||| READING 3 scrolls of identify.
  1970 | D:3      | 1970 ||| IDENTIFYING orange potion
  1971 | D:3      | 1971 ||| READING 2 scrolls of identify.
  1971 | D:3      | 1971 ||| IDENTIFYING ruby potion
  2097 | D:4      | Noticed a black bear
  2106 | D:4      | Killed a black bear
  2107 | D:4      | Reached skill level 3 in Armour
  2172 | D:4      | Reached XP level 6. HP: 35/35 MP: 7/7
  2178 | D:4      | Reached skill level 5 in Ranged Weapons
  2214 | D:4      | 2214 ||| Stepping ~*~*~tactically~*~*~ (outnumbered).
  2324 | D:4      | 2324 ||| Stepping ~*~*~tactically~*~*~ (outnumbered).
  2338 | D:4      | Reached skill level 3 in Fighting
  2576 | D:4      | Noticed Pikel
  2602 | D:4      | HP: 9/37 [Pikel/+1 whip of flaming (1)]
  2603 | D:4      | 2603 ||| READING 2 scrolls of teleportation.
  2646 | D:4      | HP: 7/37 [orc wizard/magic dart (4)]
  2647 | D:4      | 2647 ||| READING scroll of teleportation.
  2839 | D:4      | Reached skill level 6 in Ranged Weapons
  2839 | D:4      | Reached XP level 7. HP: 36/41 MP: 8/8
  2895 | D:4      | Found a broken altar of Ashenzari.
  3304 | D:4      | HP: 10/43 [lemure[Pikel] (1)]
  3306 | D:4      | HP: 1/43 [lemure[Pikel] (4)]
  3307 | D:4      | Slain by a lemure

Levels and vault maps discovered:
D:1:      zelgadis_glass_arrival_small, layout_basic
D:2:      layout_rooms, minmay_quantized
D:3:      layout_loops_cross, mainiacjoe_overflow_six_doors_small
D:4:      minmay_skewed_foursquare, layout_loops_corners,
          mainiacjoe_overflow_catwalk, uniq_pikel

Skill      XL: |  1  2  3  4  5  6  7 |
---------------+----------------------+-----
Ranged Weapons | 3 4 6 |  6.1
Fighting       | 2 3 4 |  4.0
Armour         | 3 |  3.1
Dodging        | |  1.5
Spellcasting   | |  1.0
Hexes          | |  2.6

Action                     |  1- 3 |  4- 6 |  7- 9 || total
---------------------------+-------+-------+-------++-------
   Fire: Sling             |   111 |   308 |    61 ||   480
    Use: Scroll            |     4 |     6 |       ||    10
         Potion            |     1 |     1 |       ||     2
 Armour: Robe              |    15 |    12 |       ||    27
         Ring mail         |       |   106 |    22 ||   128
  Dodge: Dodged            |    36 |    91 |    22 ||   149

Table legend:
 A = Non-vault XP
 B = Vault XP
 C = Vault XP percentage of total XP
 D = Non-vault monster count
 E = Vault monster count
 F = Vault count percentage of total count
                 A         B        C        D         E       F
            +---------+---------+-------+---------+---------+-------
      Total |     734 |      63 |   7.9 |      82 |       6 |   6.8
            +---------+---------+-------+---------+---------+-------
        D:1 |      40 |       0 |   0.0 |      25 |       0 |   0.0
        D:2 |      59 |       5 |   7.8 |      12 |       3 |  20.0
        D:3 |      68 |       0 |   0.0 |      19 |       0 |   0.0
        D:4 |     567 |      58 |   9.3 |      26 |       3 |  10.3
            +---------+---------+-------+---------+---------+-------
